[Event "Team 45 45 League T39"]
[Site "Internet Chess Club"]
[Date "2008.12.17"]
[Round "9"]
[White "Fegary"]
[Black "PawnMorphy"]
[Result "1-0"]
[WhiteElo "2179"]
[BlackElo "1888"]
[Opening "Alekhine's defense"]
[ECO "B03"]
[Time "19:02:46"]
[TimeControl "2700+45"]

1. e4 Nf6 2. e5 Nd5 3. d4 d6 4. c4 Nb6 5. Nf3 Bg4 6. exd6 exd6 7. Nc3 Nc6 8. Be3
Be7 9. h3 Bxf3 10. Qxf3 O-O 11. O-O-O Bg5 12. c5 Bxe3+ 13. Qxe3 Nd7 14. Bc4 Re8
15. Qf4 Qf6 16. Qg4 Rad8 17. Nd5 Qh6+ 18. Kb1 Nf6 19. Qf3 Nxd5 20. Bxd5 Qg6+ 21.
Ka1 Rb8 22. Bxc6 bxc6 23. Qxc6 Qc2 24. Rb1 Qxf2 25. Rhf1 Qxd4 26. Qxc7 f6 27.
cxd6 Red8 28. Rfd1 Qf2 29. Qc4+ Kf8 30. Qd5 Qg3 31. d7 Qe5 32. Qf3 Qe7 33. Qc6
Qb4 34. Qc7 Qb6 35. Qc2 Rb7 36. Qxh7 Rbxd7 37. Rxd7 Rxd7 38. Re1 Rd8 39. g4 Qd6
40. a3 Qd3 41. Qh8+ Kf7 42. Qh5+ Kf8 43. Qc5+ {Black resigns} 1-0

[Event "Team 45 45 League T39"]
[Site "Internet Chess Club"]
[Date "2008.12.18"]
[Round "9"]
[White "LAJ"]
[Black "qs16"]
[Result "1-0"]
[WhiteElo "1872"]
[BlackElo "1740"]
[Opening "Sicilian: Alapin's variation (2.c3)"]
[ECO "B22"]
[Time "15:00:24"]
[TimeControl "2700+45"]

1. e4 c5 2. c3 Nf6 3. e5 Nd5 4. d4 cxd4 5. Nf3 Nc6 6. cxd4 d6 7. Bc4 Nb6 8. Bb3
dxe5 9. d5 Na5 10. Nc3 Nxb3 11. Qxb3 e4 12. Ng5 Bf5 13. Be3 h6 14. Ngxe4 Bxe4
15. Bxb6 axb6 16. Nxe4 Ra5 17. Rd1 Qd7 18. O-O e5 19. dxe6 Qxe6 20. Rfe1 Re5 21.
Qa4+ Ke7 22. Qa3+ Ke8 23. Qa8+ {Black resigns} 1-0

[Event "Team 45 45 League T39"]
[Site "Internet Chess Club"]
[Date "2008.12.20"]
[Round "9"]
[White "oldsj"]
[Black "AVEMARIA"]
[Result "0-1"]
[WhiteElo "1607"]
[BlackElo "1712"]
[Opening "Sicilian: Taimanov variation"]
[ECO "B49"]
[Time "10:00:35"]
[TimeControl "2700+45"]

1. e4 c5 2. Nf3 e6 3. d4 cxd4 4. Nxd4 Nc6 5. Be3 Qc7 6. Nc3 a6 7. Be2 Nf6 8. O-O
Bb4 9. Na4 Be7 10. c4 d6 11. Bf3 Bd7 12. Rc1 Ne5 13. Qc2 Rc8 14. Be2 O-O 15. f3
Qa5 16. Nc3 Nxc4 17. Bf2 b5 18. Nb3 Qd8 19. Rfd1 b4 20. Bxc4 bxc3 21. Be2 cxb2
22. Qxb2 Bb5 23. Nd4 Qd7 24. Nxb5 axb5 25. Qxb5 Qxb5 26. Bxb5 Rxc1 27. Rxc1 d5
28. exd5 Nxd5 29. a4 Bg5 30. Rc5 g6 31. Bd4 Rd8 32. Bc3 Be3+ 33. Kf1 Bxc5 34. a5
Nxc3 {White resigns} 0-1

[Event "Team 45 45 League T39"]
[Site "Internet Chess Club"]
[Date "2008.12.20"]
[Round "9"]
[White "Rlopez"]
[Black "rom1"]
[Result "1-0"]
[WhiteElo "1677"]
[BlackElo "1560"]
[Opening "Grünfeld: Spassky variation, main line, 10...cd, 11.cd"]
[ECO "D88"]
[Time "13:00:08"]
[TimeControl "2700+45"]

1. d4 Nf6 2. c4 g6 3. Nc3 d5 4. cxd5 Nxd5 5. e4 Nxc3 6. bxc3 Bg7 7. Bc4 c5 8.
Be3 Nc6 9. Ne2 cxd4 10. cxd4 O-O 11. O-O e6 12. Rb1 b6 13. Qd2 Bb7 14. f3 Na5
15. Bb5 Rc8 16. Rfc1 Qe7 17. Qd3 Rfd8 18. Bf2 Bc6 19. Ba6 Bb7 20. Bxb7 Nxb7 21.
Qa6 Na5 22. Rxc8 Bf8 23. Rxd8 Qxd8 24. Rc1 Qd7 25. Be3 Kg7 26. Qc8 Qa4 27. Qc2
Qa3 28. Bf2 Bb4 29. Bg3 Qe3+ 30. Bf2 Qa3 31. h3 Be7 32. Rd1 b5 33. d5 Nc4 34.
Qc3+ {Black resigns} 1-0

[Event "Team 45 45 League T39"]
[Site "Internet Chess Club"]
[Date "2008.12.23"]
[Round "9"]
[White "Fidius"]
[Black "Solfege"]
[Result "1-0"]
[WhiteElo "2062"]
[BlackElo "1923"]
[Opening "French: exchange variation"]
[ECO "C01"]
[Time "15:02:51"]
[TimeControl "2700+45"]

1. e4 e6 2. d4 d5 3. exd5 exd5 4. Nf3 Bg4 5. Be2 Nd7 6. O-O Be7 7. Re1 Ngf6 8.
h3 Bf5 9. c4 dxc4 10. Bxc4 Nb6 11. Bb3 O-O 12. Nc3 Qd6 13. Bg5 c6 14. Ne5 Nfd5
15. Bxe7 Nxe7 16. Rc1 Nbd5 17. Qf3 Be6 18. Ne4 Qb4 19. Nc5 Qxd4 20. Nxb7 Qxb2
21. Nxc6 Nxc6 22. Rxc6 Nb4 23. Rc7 Qd4 24. Bxe6 fxe6 25. Qe2 Rae8 26. Rd1 Qf6
27. Rdd7 Qa1+ 28. Qf1 Qb2 29. Nd6 Rd8 30. Rxg7+ Qxg7 31. Rxg7+ Kxg7 32. Qe1 Nd5
33. Qxe6 Nf6 34. Qe7+ Kg6 35. f4 Rb8 36. g4 h5 37. g5 Ng8 38. f5+ Rxf5 39. Qe6+
{Black resigns} 1-0

[Event "Team 45 45 League T39"]
[Site "Internet Chess Club"]
[Date "2008.12.21"]
[Round "9"]
[White "Rainbird"]
[Black "hewdondada"]
[Result "0-1"]
[WhiteElo "1814"]
[BlackElo "1848"]
[Opening "English opening"]
[ECO "A05"]
[Time "19:00:48"]
[TimeControl "2700+45"]

1. Nf3 Nf6 2. c4 c6 3. g3 d5 4. b3 g6 5. Bb2 Bg7 6. Bg2 O-O 7. O-O Bg4 8. d3
Nbd7 9. Nbd2 Re8 10. Qc2 e5 11. cxd5 cxd5 12. Rac1 d4 13. h3 Be6 14. Qc7 Bd5 15.
Ng5 Rc8 16. Qxd8 Rexd8 17. Nge4 Nxe4 18. Nxe4 Nb6 19. Rxc8 Rxc8 20. Rc1 Rxc1+
21. Bxc1 f5 22. Nc5 Bxg2 23. Kxg2 Nd5 24. Bb2 b6 25. Na4 Bf8 26. Bc1 b5 27. Nb2
Ba3 28. Kf1 Nc3 29. Ke1 Nxa2 30. Kd2 Kf7 31. Kc2 Nxc1 32. Kxc1 Bxb2+ 33. Kxb2 a5
34. Kc2 Ke6 35. Kd2 Kd5 36. Kc2 Kc5 37. Kc1 Kb4 38. Kb2 a4 39. bxa4 bxa4 40. e3
a3+ 41. Kc2 a2 42. Kb2 dxe3 43. fxe3 a1=Q+ 44. Kxa1 Kc3 45. d4 exd4 46. exd4
Kxd4 47. Kb2 Ke3 {White resigns} 0-1

[Event "Team 45 45 League T39"]
[Site "Internet Chess Club"]
[Date "2008.12.22"]
[Round "9"]
[White "mugurelt"]
[Black "RealChosenOne"]
[Result "0-1"]
[WhiteElo "1669"]
[BlackElo "1794"]
[Opening "Sicilian: Pelikan (Lasker/Sveshnikov) variation"]
[ECO "B33"]
[Time "14:00:06"]
[TimeControl "2700+45"]

1. e4 c5 2. Nf3 Nc6 3. d4 cxd4 4. Nxd4 Nf6 5. Nc3 e5 6. Ndb5 d6 7. Na3 Be7 8.
Bc4 O-O 9. f3 a6 10. Nd5 b5 11. Bb3 Bb7 12. Be3 Nxd5 13. Bxd5 Qc7 14. O-O Na5
15. Bxb7 Nxb7 16. Rc1 b4 17. Nb1 Nc5 18. c3 a5 19. cxb4 axb4 20. a3 Qb7 21. axb4
Qxb4 22. Rc2 Na4 23. Qc1 Rab8 24. Nc3 Nxc3 25. bxc3 Qc4 26. Rff2 Rfd8 27. Rb2 d5
28. exd5 Qxd5 29. Rfd2 Qc6 30. Rxd8+ Rxd8 31. Rb6 Qc4 32. Kf2 g6 33. Qb2 Qh4+
34. Ke2 Qxh2 35. Rb8 Qxg2+ 36. Bf2 Qg5 37. Rxd8+ Bxd8 38. c4 h5 39. c5 Qf6 40.
Qb5 Qe6 41. c6 Qa2+ 42. Kf1 Qa5 43. Qb8 Qc7 44. Qa8 Kh7 45. Qa4 f6 46. Qc4 Kg7
47. Qe6 Qf7 48. Qd6 Bc7 49. Qc5 g5 50. Kg2 Qe6 51. Qa7 Qxc6 52. Be1 Kg6 53. Qa2
Kg7 54. Qa7 Qb6 55. Qa4 Qd6 56. Qe8 h4 57. Qc8 e4 58. fxe4 Qh2+ 59. Kf1 Qh1+ 60.
Ke2 Qxe4+ 61. Kf1 Qd3+ 62. Kg2 h3+ 63. Kg1 h2+ 64. Kg2 Qe4+ 65. Kf2 Bb6+ 66. Kg3
Qh4+ 67. Kf3 h1=Q+ {White resigns} 0-1

[Event "Team 45 45 League T39"]
[Site "Internet Chess Club"]
[Date "2008.12.20"]
[Round "9"]
[White "Konstantinos"]
[Black "RD1974"]
[Result "1-0"]
[WhiteElo "1687"]
[BlackElo "1576"]
[Opening "QGD: 4.Nf3"]
[ECO "D37"]
[Time "13:02:38"]
[TimeControl "2700+45"]

1. d4 d5 2. c4 e6 3. Nc3 Nf6 4. Nf3 Be7 5. e3 O-O 6. b3 b6 7. Be2 Bb7 8. O-O
Nbd7 9. Bb2 c5 10. cxd5 exd5 11. dxc5 bxc5 12. Rc1 Qc7 13. Na4 Rfc8 14. Bd3 Ng4
15. h3 Nge5 16. Nxe5 Nxe5 17. Bf5 Rd8 18. Qe2 a5 19. Rfd1 Ra6 20. Bb1 Rc8 21.
Rxd5 Qc6 22. Be4 Nd7 23. Re5 Nxe5 24. Bxc6 Nxc6 25. Nxc5 Ra7 26. Nxb7 Rxb7 27.
Qg4 Bf8 28. Qxc8 Rb5 29. Qxc6 Rb8 30. Qc8 {Black resigns} 1-0

[Event "Team 45 45 League T39"]
[Site "Internet Chess Club"]
[Date "2008.12.21"]
[Round "9"]
[White "aww-rats"]
[Black "jorobo"]
[Result "1-0"]
[WhiteElo "2092"]
[BlackElo "2157"]
[Opening "Levitsky attack (Queen's bishop attack)"]
[ECO "D00"]
[Time "14:19:52"]
[TimeControl "2700+45"]

1. d4 d5 2. Bg5 h6 3. Bh4 c6 4. e3 Qb6 5. b3 e5 6. Nf3 e4 7. Nfd2 Bf5 8. c4 dxc4
9. Bxc4 Nd7 10. Nc3 Bb4 11. Qc2 Ngf6 12. O-O Bxc3 13. Qxc3 O-O 14. Rac1 Rfe8 15.
b4 a5 16. Qb3 Be6 17. a3 axb4 18. axb4 Qa7 19. b5 Qa5 20. Bxe6 Rxe6 21. bxc6
Rxc6 22. Rxc6 bxc6 23. Nc4 Qa4 24. Qxa4 Rxa4 25. Bxf6 Nxf6 26. Ne5 Ra6 27. Rc1
Nd5 28. Nxc6 Nc3 29. Nb4 Ra4 30. Kf1 Rxb4 31. Rxc3 Rb1+ 32. Ke2 Rb2+ 33. Ke1
Rb1+ 34. Kd2 Rg1 35. g3 Rg2 36. Rc8+ Kh7 37. Ke2 Rxh2 38. Re8 Rh5 39. Rxe4 Ra5
40. Rf4 f5 41. g4 fxg4 42. Rxg4 Ra2+ 43. Kf3 g5 44. d5 Rd2 45. Rd4 Rxd4 46. exd4
Kg6 47. d6 Kf7 48. Kg4 Ke6 49. Kh5 Kxd6 50. Kxh6 g4 51. Kg5 Kd5 52. Kxg4 Kxd4
53. Kf5 {Black resigns} 1-0

[Event "Team 45 45 League T39"]
[Site "Internet Chess Club"]
[Date "2008.12.21"]
[Round "9"]
[White "chsrules88"]
[Black "fledermaus"]
[Result "1-0"]
[WhiteElo "2014"]
[BlackElo "1927"]
[Opening "Sicilian: Anderssen variation"]
[ECO "B41"]
[Time "15:31:29"]
[TimeControl "2700+45"]

1. e4 c5 2. Nf3 e6 3. d4 cxd4 4. Nxd4 Nf6 5. Bd3 Nc6 6. Nxc6 dxc6 7. O-O e5 8.
Bg5 Be7 9. Nd2 Bg4 10. f3 Be6 11. b3 Nd7 12. Be3 Bc5 13. Qe2 Qb6 14. Bxc5 Qxc5+
15. Kh1 O-O 16. Bc4 Qe7 17. a4 b6 18. Bxe6 Qxe6 19. a5 b5 20. Rfd1 Rfd8 21. Nf1
Nc5 22. Ng3 g6 23. Kg1 Qe7 24. Qe3 Ne6 25. Ne2 Qc5 26. Qxc5 Nxc5 27. Kf2 Kf8 28.
b4 Ne6 29. Ke3 Ke7 30. f4 exf4+ 31. Nxf4 Nxf4 32. Kxf4 f6 33. a6 Ke6 34. Rd3
Rac8 35. g3 Rd6 36. Rad1 Rcd8 37. Rxd6+ Rxd6 38. Rxd6+ Kxd6 39. g4 Ke6 40. h4 h6
41. h5 g5+ 42. Ke3 Ke5 43. c3 Ke6 44. Kd4 Kd6 45. c4 bxc4 46. Kxc4 Ke5 47. Kc5
Kxe4 48. Kxc6 f5 49. b5 fxg4 50. b6 g3 51. bxa7 g2 52. a8=Q g1=Q 53. a7 Qc1+ 54.
Kd7+ Kd4 55. Qh8+ Ke3 56. Qe5+ {Black resigns} 1-0

[Event "Team 45 45 League T39"]
[Site "Internet Chess Club"]
[Date "2008.12.23"]
[Round "9"]
[White "jonesey"]
[Black "lele"]
[Result "1/2-1/2"]
[WhiteElo "2023"]
[BlackElo "2164"]
[Opening "Petrov: Nimzovich attack"]
[ECO "C42"]
[Time "13:00:07"]
[TimeControl "2700+45"]

1. e4 e5 2. Nf3 Nf6 3. Nxe5 d6 4. Nf3 Nxe4 5. Nc3 Nxc3 6. dxc3 Be7 7. Bf4 O-O 8.
Qd2 Nd7 9. O-O-O Nc5 10. Bc4 Be6 11. Bxe6 fxe6 12. Rhe1 e5 13. Be3 Ne6 14. Qd5
Qc8 15. Nd4 exd4 16. Bxd4 Bg5+ 17. Kb1 Re8 18. Rxe6 Qxe6 19. Qxg5 Re7 20. c4
Rae8 21. b3 h6 22. Qg3 Qf7 23. Bc3 Re2 24. Rd3 Rxf2 {Game drawn by mutual
agreement} 1/2-1/2

[Event "Team 45 45 League T39"]
[Site "Internet Chess Club"]
[Date "2008.12.19"]
[Round "9"]
[White "PaulKaspar"]
[Black "Qui"]
[Result "1-0"]
[WhiteElo "1809"]
[BlackElo "1910"]
[Opening "Sicilian defense"]
[ECO "B20"]
[Time "14:00:10"]
[TimeControl "2700+45"]

1. e4 c5 2. Bd3 d6 3. c3 Nc6 4. Nf3 g6 5. Bc2 Bg7 6. h3 Nf6 7. O-O b5 8. a3 Bb7
9. d4 cxd4 10. cxd4 O-O 11. Bg5 Rc8 12. Nc3 a6 13. Rc1 Na5 14. Bd3 Nc4 15. Bxc4
bxc4 16. Re1 Qb6 17. Qd2 Rfd8 18. Rb1 Rd7 19. Bh6 Bh8 20. d5 Qa5 21. Qe3 Qc5 22.
Qxc5 Rxc5 23. Rbc1 Rdc7 24. Be3 Nd7 25. Bxc5 Nxc5 26. Re2 Nd3 27. Rb1 Bc8 28.
Rc2 h6 29. Kf1 f5 30. Ne1 Nc5 31. f3 Bd7 32. Ke2 Nb3 33. Kd1 Nd4 34. Rf2 Bf6 35.
Nc2 Bh4 36. Rd2 Nb3 37. Re2 Kf7 38. exf5 Bxf5 39. Ne4 Nc5 40. Nd4 Bd7 41. Nxc5
Rxc5 42. Re4 Bf6 43. Ke2 Rxd5 44. Rd1 Rc5 45. f4 h5 46. Kf3 Bc8 47. Re2 Bb7+ 48.
Kf2 c3 49. bxc3 Rxc3 50. Nc2 Bh4+ 51. Kg1 Bc6 52. Nb4 Bb5 53. Ra2 a5 54. Nd5 Rc5
55. Rad2 Bc4 56. Rd4 Bb3 57. R1d3 Bc4 58. Rc3 Ba6 59. Rxc5 dxc5 60. Ra4 Bb7 61.
Nb6 Be1 62. Nd7 Bd2 63. Kf2 Ba6 64. Nxc5 Bb5 65. Rd4 Bc3 66. Rd8 Bc6 67. g4 hxg4
68. hxg4 e5 69. fxe5 Bxe5 70. Ke3 Bb2 71. Nd3 Bf6 72. Rd6 Bg2 73. Nf4 Bh1 74.
Rd7+ Ke8 75. Ra7 g5 76. Nh5 Bc3 77. Ng7+ Kd8 78. Ne6+ Kc8 79. Nxg5 Bb2 80. Rxa5
Bc1+ 81. Kd3 Kb7 82. Ne4 Kb6 83. Ra4 Bf3 84. Rb4+ Kc6 85. Rc4+ {Black resigns}
1-0

[Event "Team 45 45 League T39"]
[Site "Internet Chess Club"]
[Date "2008.12.22"]
[Round "9"]
[White "pestka"]
[Black "gezira"]
[Result "0-1"]
[WhiteElo "2218"]
[BlackElo "2290"]
[Opening "King's Indian: 6.Be2"]
[ECO "E91"]
[Time "15:05:25"]
[TimeControl "2700+45"]

1. d4 d6 2. c4 g6 3. Nc3 Bg7 4. e4 Nf6 5. Be2 O-O 6. Nf3 c5 7. dxc5 dxc5 8. O-O
Nc6 9. Be3 b6 10. h3 e5 11. Qxd8 Rxd8 12. Rad1 Nd4 13. Nxe5 Re8 14. Nf3 Nxe2+
15. Nxe2 Nxe4 16. b3 Bb7 17. Rd7 Bc6 18. Rc7 Rec8 19. Rxc8+ Rxc8 20. Rd1 Re8 21.
Rd3 f5 22. Nd2 g5 23. g3 Nxd2 24. Rxd2 h6 25. h4 f4 26. gxf4 gxh4 27. Kh2 Kf7
28. Kh3 Bf6 29. f5 h5 30. Nf4 Be4 31. Rd7+ Re7 32. Rxe7+ Bxe7 33. Nd5 Bxf5+ 34.
Kg2 Bd6 35. f4 Ke6 36. Kf3 Bg4+ 37. Ke4 h3 38. Bg1 Bf5+ 39. Kf3 h4 40. Bf2 Be4+
41. Kxe4 h2 {White resigns} 0-1

[Event "Team 45 45 League T39"]
[Site "Internet Chess Club"]
[Date "2008.12.22"]
[Round "9"]
[White "alin"]
[Black "eurander"]
[Result "0-1"]
[WhiteElo "2121"]
[BlackElo "2256"]
[Opening "Caro-Kann: advance variation"]
[ECO "B12"]
[Time "15:26:37"]
[TimeControl "2700+45"]

1. e4 c6 2. d4 d5 3. e5 c5 4. dxc5 e6 5. Nf3 Bxc5 6. Bd3 Nc6 7. O-O Nge7 8. Bf4
Ng6 9. Bg3 O-O 10. c4 dxc4 11. Bxc4 Qb6 12. Qe2 Bd7 13. Nc3 Nd4 14. Nxd4 Bxd4
15. Rfd1 Bc6 16. Rac1 Rfd8 17. b3 Rac8 18. Nb5 Bxb5 19. Bxb5 Rxc1 20. Rxc1 a6
21. Bd3 Qa5 22. Bxg6 hxg6 23. Kf1 Bc3 24. Rc2 Rd5 25. f4 b5 26. Be1 Bxe1 27.
Qxe1 Qd8 28. Ke2 g5 29. g3 gxf4 30. gxf4 g6 31. Rd2 Kg7 32. Rxd5 Qxd5 33. Qd2
Qe4+ 34. Kf2 a5 35. Qe3 Qf5 36. Kg3 Qc2 37. Qf2 Qc3+ 38. Qf3 Qe1+ 39. Qf2 Qc3+
40. Qf3 Qc2 41. Qf2 Qb1 42. Qg2 a4 43. bxa4 bxa4 44. Qd2 Qg1+ 45. Kf3 Qb6 46.
Kg3 a3 47. Kf3 Qb2 48. Qe2 Kh6 49. Qf2 Qxf2+ 50. Kxf2 Kh5 51. Kg3 g5 52. Kf3
gxf4 53. Kxf4 Kh4 54. Ke4 Kh3 {White forfeits on time} 0-1

[Event "Team 45 45 League T39"]
[Site "Internet Chess Club"]
[Date "2008.12.21"]
[Round "9"]
[White "VanillaQueen"]
[Black "mitus"]
[Result "1-0"]
[WhiteElo "1938"]
[BlackElo "1906"]
[Opening "Queen's pawn: Yusupov-Rubinstein system"]
[ECO "A46"]
[Time "15:00:09"]
[TimeControl "2700+45"]

1. d4 Nf6 2. Nf3 e6 3. e3 b6 4. Bd3 Bb7 5. Nbd2 d5 6. O-O Nbd7 7. Qe2 Bd6 8. e4
dxe4 9. Nxe4 Nxe4 10. Bxe4 Bxe4 11. Qxe4 O-O 12. Bg5 Be7 13. Bxe7 Qxe7 14. Rfe1
Nf6 15. Qe3 Rac8 16. Ne5 c6 17. Rad1 Nd7 18. Rd2 Nxe5 19. dxe5 Rfd8 20. Red1 h6
21. Rd6 Rxd6 22. exd6 Rd8 23. Qd3 Qd7 24. c4 c5 25. b3 Qc6 26. h3 g6 27. Qd2 Kg7
28. Qe3 Qd7 29. Qe4 f6 30. h4 h5 31. f3 e5 32. Kf2 Qe6 33. Qc6 Rd7 34. Ke3 Rd8
35. Qc7+ Rd7 36. Qc8 f5 37. Rd5 f4+ 38. Kd2 Kf6 39. Qf8+ Qf7 40. Qxf7+ Kxf7 41.
Kd3 Ke6 42. Ke4 Rxd6 43. Rxe5+ Kf6 44. Rd5 Re6+ 45. Kxf4 Re2 46. Rd6+ Kf7 47.
Rd7+ Kf6 48. Rxa7 Rxg2 49. Ra6 Kf7 50. a4 Rh2 51. Kg3 Rb2 52. Rxb6 Rb1 53. a5
Ra1 54. a6 Kg7 55. Rc6 Kh6 56. Rxc5 {Black resigns} 1-0

[Event "Team 45 45 League T39"]
[Site "Internet Chess Club"]
[Date "2008.12.21"]
[Round "9"]
[White "mugurelt"]
[Black "tourettes"]
[Result "1-0"]
[WhiteElo "1680"]
[BlackElo "1639"]
[Opening "English opening"]
[ECO "A17"]
[Time "14:19:18"]
[TimeControl "2700+45"]

1. c4 Nf6 2. Nc3 e6 3. g3 Be7 4. Bg2 O-O 5. e4 d6 6. Nf3 Nbd7 7. d4 e5 8. O-O
exd4 9. Nxd4 Ne5 10. b3 a6 11. h3 Bd7 12. Kh2 Rb8 13. f4 Ng6 14. Nf5 Qc8 15.
Nxe7+ Nxe7 16. e5 dxe5 17. fxe5 Ne8 18. Ba3 c5 19. Nd5 Nxd5 20. cxd5 b6 21. e6
fxe6 22. Rxf8+ Kxf8 23. Qf3+ Kg8 24. Rf1 Nf6 25. Bb2 exd5 26. Bxf6 gxf6 27. Qxf6
Be6 28. Qg5+ Kh8 29. Qe5+ Kg8 30. Rf6 Bf7 31. Bxd5 Bxd5 32. Qxd5+ Kh8 33. Qe5
Kg8 34. Qg5+ Kh8 35. Rf7 Rb7 36. Qg7# {Black checkmated} 1-0

[Event "Team 45 45 League T39"]
[Site "Internet Chess Club"]
[Date "2008.12.19"]
[Round "9"]
[White "Juan73"]
[Black "ShanghaiTom"]
[Result "0-1"]
[WhiteElo "1591"]
[BlackElo "1734"]
[Opening "Giuoco Pianissimo: Canal variation"]
[ECO "C50"]
[Time "20:00:26"]
[TimeControl "2700+45"]

1. e4 e5 2. Nf3 Nc6 3. Bc4 Bc5 4. d3 Nf6 5. Nc3 d6 6. Bg5 h6 7. Bd2 O-O 8. Qc1
Kh7 9. a3 Be6 10. Nd5 Nd4 11. Nxd4 Bxd4 12. Be3 Bxe3 13. Qxe3 Nxd5 14. exd5 Bf5
15. h3 Bg6 16. g4 f5 17. gxf5 Rxf5 18. O-O-O Qf6 19. Rh2 Rf8 20. Rf1 Rf3 21.
Qxa7 Qf4+ 22. Kb1 Qxh2 23. Qxb7 Qxh3 24. d4 Rxf2 25. Rxf2 Rxf2 26. Bb3 Bxc2+ 27.
Bxc2+ Rxc2 28. Kxc2 Qg2+ 29. Kd3 e4+ 30. Kc3 Qf3+ 31. Kc2 Qd3+ 32. Kc1 e3 33.
Qb4 Qf1+ 34. Kc2 e2 {White resigns} 0-1

[Event "Team 45 45 League T39"]
[Site "Internet Chess Club"]
[Date "2008.12.21"]
[Round "9"]
[White "clarinetref"]
[Black "pedrin"]
[Result "0-1"]
[WhiteElo "1713"]
[BlackElo "1645"]
[Opening "Réti opening"]
[ECO "A30"]
[Time "11:39:56"]
[TimeControl "2700+45"]

1. Nf3 c5 2. c4 Nc6 3. d4 cxd4 4. Nxd4 Nf6 5. Nc3 Qb6 6. Nc2 Ng4 7. e3 d6 8. Be2
Nge5 9. Nd5 Qa5+ 10. Bd2 Qd8 11. O-O e6 12. Nc3 Be7 13. f4 Ng6 14. Ne4 f5 15.
Nf2 Bf6 16. Rb1 O-O 17. b4 a5 18. b5 Nce7 19. a4 d5 20. Qe1 dxc4 21. Bxc4 Qc7
22. Bb3 Nd5 23. Rc1 Bb2 24. Rb1 Bf6 25. Nd3 Bh4 26. g3 Bf6 27. Rc1 Qb6 28. Kg2
Bd7 29. e4 fxe4 30. Qxe4 Rac8 31. Ne3 Nc3 32. Nc4 Nxe4 33. Nxb6 Nxd2 34. Nxd7
Nxb3 35. Nxf8 Nxc1 36. Nxc1 Kxf8 37. Nd3 Rc3 38. Rd1 Ra3 39. Nc5 Be7 40. Nxe6+
Kf7 41. f5 Ne5 42. Rd4 Ra2+ 43. Kh3 Nf3 44. Rd7 Rxh2+ 45. Kg4 Ne5+ 46. Kf4 Nxd7
47. g4 Rf2+ 48. Ke4 Nf6+ 49. Kd4 Nxg4 50. Kd5 Rxf5+ {White resigns} 0-1

[Event "Team 45 45 League T39"]
[Site "Internet Chess Club"]
[Date "2008.12.22"]
[Round "9"]
[White "lmadueno"]
[Black "whiterook"]
[Result "1-0"]
[WhiteElo "1652"]
[BlackElo "1599"]
[Opening "Robatsch (modern) defense"]
[ECO "B06"]
[Time "20:01:25"]
[TimeControl "2700+45"]

1. e4 g6 2. d4 Bg7 3. Nf3 d6 4. Bc4 Nf6 5. e5 dxe5 6. Nxe5 O-O 7. O-O Bg4 8.
Nxg4 Nxg4 9. Qxg4 Bxd4 10. Rd1 e5 11. c3 Bxf2+ 12. Kxf2 Qf6+ 13. Kg1 h5 14. Qe4
Qb6+ 15. Qe3 Qf6 16. Nd2 Rd8 17. Rf1 Qc6 18. Bxf7+ Kh7 19. Nc4 Nd7 20. Qh6#
{Black checkmated} 1-0

[Event "Team 45 45 League T39"]
[Site "Internet Chess Club"]
[Date "2008.12.21"]
[Round "9"]
[White "Aquaman"]
[Black "PANAMA-REY"]
[Result "1/2-1/2"]
[WhiteElo "1368"]
[BlackElo "1491"]
[Opening "Caro-Kann defense"]
[ECO "B15"]
[Time "16:00:07"]
[TimeControl "2700+45"]

1. d4 d5 2. e4 c6 3. Nc3 h6 4. Bd3 Nf6 5. e5 Nh7 6. Nf3 e6 7. O-O Be7 8. Be3 a5
9. Ne2 Ng5 10. Nf4 b6 11. b3 Ba6 12. c4 O-O 13. Nd2 Nd7 14. Qc2 Rc8 15. Ne2 c5
16. f4 Ne4 17. Nxe4 dxe4 18. Bxe4 cxd4 19. Nxd4 Nc5 20. Bf3 Bb7 21. Qe2 Bxf3 22.
Qxf3 Qc7 23. Nb5 Qb8 24. Qh5 Ne4 25. Rac1 Bc5 26. Bxc5 Nxc5 27. Nd6 Rcd8 28.
Rcd1 Qc7 29. Rf3 Qc6 30. Rg3 Ne4 31. Nxe4 Rxd1+ 32. Qxd1 Qxe4 33. Rf3 Qa8 34.
Rd3 Qe4 35. Rf3 Qa8 36. Rf1 Rd8 37. Qe2 Qa7 38. Kh1 Rd4 39. Qf3 Qd7 40. h3 Rd3
41. Qe2 Rd2 42. Qf3 Rxa2 {Game drawn by mutual agreement} 1/2-1/2

[Event "Team 45 45 League T39"]
[Site "Internet Chess Club"]
[Date "2008.12.20"]
[Round "9"]
[White "gagdad"]
[Black "Ehab"]
[Result "0-1"]
[WhiteElo "1790"]
[BlackElo "1815"]
[Opening "Scandinavian: Pytel-Wade variation"]
[ECO "B01"]
[Time "17:10:21"]
[TimeControl "2700+45"]

1. e4 d5 2. exd5 Qxd5 3. Nc3 Qd6 4. Nf3 Nf6 5. d4 a6 6. Bc4 b5 7. Bb3 Bb7 8. Bg5
Nbd7 9. O-O Ng4 10. d5 Nde5 11. Nxe5 Qxe5 12. Qxg4 Qd6 13. Bf4 Qb6 14. Rad1 h5
15. Qe2 O-O-O 16. Qe3 Qg6 17. Qg3 Qb6 18. Be3 Qa5 19. Ba7 Rd6 20. Ne4 Rg6 21.
Qc3 b4 22. Qc5 Qxc5 23. Bxc5 e6 24. Bxf8 Rxf8 25. Nc5 Ba8 26. dxe6 Rxg2+ 27. Kh1
Rxf2+ 28. Kg1 Rg2+ 29. Kh1 Rg5+ 30. Bd5 Bxd5+ 31. Rxd5 Rxd5 32. Nd7 Rxd7 33.
exd7+ Kxd7 34. Rf4 c5 35. Rf5 Kd6 36. Rxh5 Re8 37. Rg5 g6 38. h3 Re2 39. Rg2
Re1+ 40. Rg1 Rxg1+ 41. Kxg1 Ke5 42. Kf2 Kf4 43. h4 f5 44. a3 bxa3 45. bxa3 Kg4
46. Ke3 {White resigns} 0-1

[Event "Team 45 45 League T39"]
[Site "Internet Chess Club"]
[Date "2008.12.21"]
[Round "9"]
[White "Ghashgork"]
[Black "Tjet"]
[Result "1-0"]
[WhiteElo "1702"]
[BlackElo "1581"]
[Opening "Bird's opening"]
[ECO "A03"]
[Time "14:11:05"]
[TimeControl "2700+45"]

1. f4 d5 2. Nf3 c6 3. e3 Bg4 4. Be2 Bxf3 5. Bxf3 e6 6. O-O g6 7. d4 Bg7 8. Nd2
Nf6 9. c4 dxc4 10. Nxc4 O-O 11. Bd2 Na6 12. Rc1 Nd5 13. a3 Rb8 14. Qe2 Nac7 15.
Rc2 Nb6 16. Bb4 Nxc4 17. Qxc4 Re8 18. Kh1 Nd5 19. Bd2 Nb6 20. Qe2 Nd5 21. g4 Ne7
22. Rg1 Nd5 23. Qf2 Rc8 24. Rg3 Nf6 25. Rh3 Nd7 26. g5 Nf8 27. Bb4 Re7 28. Bxe7
Qxe7 29. Rg3 a6 30. h4 Rc7 31. h5 Nd7 32. h6 Bh8 33. Rg1 Nb6 34. Rgc1 Nd5 35.
Bxd5 exd5 36. Qf3 Qe6 37. Re2 Re7 38. Rce1 Qd7 39. Kg2 Qd6 40. Qg4 Rc7 41. f5
Qd7 42. Rf1 c5 43. dxc5 Rxc5 44. Qf3 Be5 45. fxg6 Rc7 46. Qxf7+ Qxf7 47. Rxf7
Rxf7 48. gxf7+ Kxf7 49. Kf3 Kg6 50. Kg4 d4 51. exd4 Bxd4 52. b3 b6 53. Re6+ Kf7
54. Kf5 a5 55. g6+ hxg6+ 56. Rxg6 b5 57. h7 b4 58. axb4 axb4 59. Rg8 {Black
resigns} 1-0

[Event "Team 45 45 League T39"]
[Site "Internet Chess Club"]
[Date "2008.12.21"]
[Round "9"]
[White "charlo"]
[Black "knight2f3"]
[Result "1-0"]
[WhiteElo "1614"]
[BlackElo "1510"]
[Opening "Réti opening"]
[ECO "A05"]
[Time "14:01:09"]
[TimeControl "2700+45"]

1. Nf3 Nf6 2. g3 b6 3. Bg2 Bb7 4. d3 e6 5. O-O Be7 6. e4 O-O 7. Re1 d6 8. Nc3
Nbd7 9. Bg5 c6 10. Qe2 h6 11. Bd2 Qc7 12. h3 a6 13. Rad1 c5 14. Be3 Rac8 15. Nh2
Qb8 16. a3 Bd8 17. d4 cxd4 18. Bxd4 Bc7 19. Ng4 Qa8 20. Nxf6+ Nxf6 21. Bxf6 gxf6
22. Qh5 Kh7 23. Rd3 b5 24. Re2 Bc6 25. Red2 Qb8 26. Nd1 Be8 27. Qh4 b4 28. Ne3
bxa3 29. bxa3 Ba5 30. Rd1 Rg8 31. Ng4 Bd8 32. Qxh6# {Black checkmated} 1-0

[Event "Team 45 45 League T39"]
[Site "Internet Chess Club"]
[Date "2008.12.20"]
[Round "9"]
[White "Mutaant"]
[Black "forsyth"]
[Result "0-1"]
[WhiteElo "1514"]
[BlackElo "1480"]
[Opening "KP: Nimzovich defense"]
[ECO "B00"]
[Time "16:00:07"]
[TimeControl "2700+45"]

1. e4 Nc6 2. Nf3 d6 3. Bc4 e6 4. O-O Nf6 5. Nc3 d5 6. exd5 exd5 7. Bb3 Bg4 8. h3
h5 9. hxg4 hxg4 10. Ng5 Qd6 11. g3 Ne5 12. d4 Nf3+ 13. Nxf3 gxf3 14. Qxf3 O-O-O
15. Bg5 Qd7 16. Nxd5 Qh3 17. Qg2 Qf5 18. Bxf6 gxf6 19. Rfe1 Rh6 20. Re3 Bd6 21.
Rae1 Qd7 22. c4 Rdh8 23. c5 Bxg3 24. fxg3 Qg4 25. Re8+ Rxe8 26. Rxe8+ Kd7 27.
Nxc7 Qxd4+ 28. Qf2 Rh1+ 29. Kg2 Rh2+ 30. Kxh2 Qxf2+ 31. Kh3 Qf5+ 32. Kg2 Kxc7
33. Re7+ Kc6 34. Rxf7 Qe4+ 35. Kh3 f5 36. Ba4+ Qxa4 37. Rxf5 Qxa2 38. b4 Qe6 39.
g4 Qb3+ 40. Kh4 Qxb4 41. Kh5 Qe4 42. Kg5 Qe3+ 43. Kg6 Qe8+ 44. Kg5 a5 45. Kf6
Qh8+ 46. Ke6 Qe8+ 47. Kf6 a4 48. g5 Qf8+ 49. Kg6 Qe8+ 50. Kf6 a3 51. g6 Qd8+ 52.
Kf7 Qd7+ 53. Kf6 a2 54. g7 a1=Q+ {White resigns} 0-1